 Dungeon Crawl Stone Soup version 0.28.0-49-g6dfe1f597d (webtiles) character file.

Game seed: 8447410007003740964

18 Exodus22XD the Covered (level 2, 27/27 HPs)
             Began as a Minotaur Fighter on May 14, 2022.
             Was a Follower of Cheibriados.
             Quit the game on level 1 of the Dungeon.
             The game lasted 00:00:41 (670 turns).

Exodus22XD the Covered (Minotaur Fighter)            Turns: 670, Time: 00:00:42

Health: 27/27      AC:  7    Str: 22    XL:     2   Next: 51%
Magic:  1/1        EV:  9    Int:  7    God:    Cheibriados [*.....]
Gold:   24         SH:  4    Dex: 11    Spells: 1/1 levels left

rFire   . . .      SeeInvis .   a - +0 war axe
rCold   . . .      Faith    .   c - +0 buckler
rNeg    . . .      Spirit   .   b - +0 scale mail
rPois   .          Reflect  .   (helmet restricted)
rElec   .          Harm     .   (no cloak)
rCorr   .          Rampage  .   (no gloves)
Will    .....                   (no boots)
Stlth   ..........              (no amulet)
HPRegen 0.09/turn               (no ring)
MPRegen 0.07/turn               (no ring)

@: very slow
A: horns 2, retaliatory headbutt
a: Renounce Religion, Bend Time


You were on level 1 of the Dungeon.
You worshipped Cheibriados.
Cheibriados was aware of your devotion.
You visited 1 branch of the dungeon, and saw 1 of its levels.

You collected 24 gold pieces.

Inventory:

Hand Weapons
 a - a +0 war axe (weapon)
Armour
 b - a +0 scale mail (worn)
 c - a +0 buckler (worn)
Jewellery
 f - a ring of magical power
Scrolls
 e - a scroll of acquirement {unknown}
 g - 2 scrolls of teleportation {unknown}
Potions
 d - a potion of might


   Skills:
 + Level 3.9 Fighting
 + Level 2.7 Axes
 + Level 4.0 Armour
 + Level 3.9 Shields


You had one spell level left.
You didn't know any spells.
Your spell library was empty.

Dungeon Overview and Level Annotations

Branches:
Dungeon (1/15)

Altars:
Cheibriados


Innate Abilities, Weirdness & Mutations

You have a pair of horns on your head.
You reflexively headbutt those who attack you in melee.


Message History

There is an open door here.
You open the door.
There is an open door here.
An endoplasm comes into view.
An endoplasm is nearby!
An endoplasm is nearby!
An endoplasm is nearby!
You block the endoplasm's attack.
An endoplasm is nearby!
You hit the endoplasm.
The endoplasm is severely wounded.
The endoplasm barely misses you.
The endoplasm hits you but does no damage.
You slash the endoplasm!
You kill the endoplasm!
Done exploring.
No target in view!
Done exploring.
No target in view!
Done exploring.
Done exploring.
Search for what [? for help]? go Unknown command.
Unknown command.
Unknown command.
Search for what [Enter for "go", or ? for help]? god
There is an open door here.
You see here a +0 club.
There is an open door here.
You see here a +0 dagger.
There is a dry fountain here.
There is a faded altar of an unknown god here.
You cannot tell which god this altar belongs to.
Convert to them anyway?
Cheibriados accepts your prayer! Cheibriados welcomes you!
Cheibriados begins to support your attributes as your movement slows.
Cheibriados is now slowing the effects of poison on you.
You can now bend time to slow others.
Cheibriados raises the support of your attributes as your movement slows.
Are you sure you want to abandon this character and quit the game? (Confirm with "yes".)

....'...# #.......#### ##.#
#####...# #.####....# #.#
..####'## #.# #....# #.#
.#.# #.# #.# #....# #.# <.##
#.# #.####....####### #.#
...# #.#####...##..........#
#.# ...#
#.....#.#⌠.⌠........#.# #.#
...#######.#.#...........#.#
#.. (...#
#.#....@..#.....#.# ##.
....### #.###.....#.....#.#
#. ......#
#......⌠........#.# ##
##....# ########........#.#
# ####.# #####......# #
####..# #......#### #
.#...[# #.........# #
.....## #.........# # .....#
##...†....# #


There were no monsters in sight!

Vanquished Creatures
  3 endoplasms (D:1)
  4 goblins (D:1)
  A hobgoblin (D:1)
  2 quokkas (D:1)
  A ball python (D:1)
  2 bats (D:1)
  2 frilled lizards (D:1)
  A kobold (D:1)
16 creatures vanquished.

Notes
Turn   | Place    | Note
-------+----------+-------------------------------------------
     0 | D:1      | Exodus22XD the Minotaur Fighter began the quest for the
                  | Orb.
     0 | D:1      | Reached XP level 1. HP: 19/19 MP: 0/0
   284 | D:1      | Reached XP level 2. HP: 27/27 MP: 1/1
   294 | D:1      | Reached skill level 4 in Armour
   310 | D:1      | Found a faded altar of an unknown god.
   669 | D:1      | Prayed at the altar of an unknown god.
   669 | D:1      | Became a worshipper of Cheibriados the Contemplative
   669 | D:1      | Reached * piety under Cheibriados
   670 | D:1      | Quit the game

Illustrated notes

Levels and vault maps discovered:
D:1:      dpeg_arrival_arbitrary_a, layout_basic,
          hellmonk_ecumenical_altar_run_dry

Skill      XL: |  1  2 |
---------------+-------+-----
Armour         | 4 |  4.0
Fighting       | |  3.9
Axes           | |  2.7
Shields        | |  3.9

Action                   || total
-------------------------++-------
Melee: War axe           ||    34
       Headbutt          ||     2
Armor: Scale mail        ||    14
Dodge: Dodged            ||    20
Block: Buckler           ||     5
